Blues vs Flyers

Created - April 6, 2017 at 17:30

Goals
1 2 3 T
Blues 3 1 0 4
Flyers 1 0 2 3
Shots
1 2 3 T
Blues 12 9 11 32
Flyers 8 15 11 34

1st period

1. Flyers , Marcus Johansson 25 (Ben Hutton) at 2:09 (PP)
2. Blues , Mike Fisher 22 (Nick Cousins, Jay Bouwmeester) at 7:28
3. Blues , Jiri Hudler 19 (Adam Cracknell) at 8:58
4. Blues , Tanner Glass 8 (Michael Raffl, Mark Borowiecki) at 14:56

Penalties :
Cal Clutterbuck (STL) for Hooking (Minor) at 0:35, Brooks Orpik (PHI) for Hooking (Minor) at 11:31, Jakub Kindl (STL) for Boarding (Minor) at 15:22

2nd period

5. Blues , Dwight King 4 (Michael Raffl, Chris Wideman) at 1:48

Penalties :
Casey Cizikas (PHI) for Roughing (Minor) at 5:37, Brooks Orpik (PHI) for Hooking (Minor) at 9:09

3rd period

6. Flyers , Andre Burakovsky 22 (Andrew MacDonald) at 1:18 (PP)
7. Flyers , Casey Cizikas 22 (Brooks Orpik, Brian Gionta) at 18:02

Penalties :
Cal Clutterbuck (STL) for Hooking (Minor) at 0:44, Andrew MacDonald (PHI) for Hooking (Minor) at 15:17, Mark Borowiecki (STL) for Hooking (Minor) at 19:13

Goalie Stats

Antti Niemi (STL), 31 saves from 34 shots - (0.912), W, 15-29-0, 60:00 minutes
Chad Johnson (PHI), 28 saves from 32 shots - (0.875), L, 17-7-3, 59:40 minutes

Players Stats for Blues

Player Name              G  A  P  +/- PIM S  H  SB GA TA FO     MP     PP MP  PK MP  
------------------------------------------------------------------------------------
Adam Cracknell           0  1  1   1  0   1  2  0  0  0  7/12   13:26   0:00   0:00 
Cal Clutterbuck          0  0  0   1  4   3  2  0  0  0  0/0    18:21   3:22   1:42 
Chris Wideman            0  1  1   1  0   0  2  1  0  0  0/0    12:59   0:00   0:00 
Dwight King              1  0  1   1  0   5  0  0  0  0  0/0     9:38   0:00   0:14 
Jakub Kindl              0  0  0   1  2   0  0  1  0  0  0/0    13:12   0:00   0:21 
Jay Bouwmeester          0  1  1   1  0   4  1  0  0  0  0/0    26:52   3:41   2:37 
Jay McClement            0  0  0   0  0   0  1  0  0  0  4/4     7:45   0:00   0:00 
Jiri Hudler              1  0  1   1  0   3  0  0  0  0  1/1    19:04   3:22   2:16 
Joakim Andersson         0  0  0   0  0   0  1  0  0  0  0/0     7:45   0:00   0:00 
Johnny Boychuk           0  0  0   1  0   2  3  2  0  0  0/0    26:27   3:41   2:12 
Marian Hossa             0  0  0   1  0   1  0  0  0  0  2/4    23:55   4:34   2:45 
Mark Borowiecki          0  1  1   1  2   0  3  1  0  0  0/0    19:54   4:15   1:55 
Matt Carle               0  0  0   1  0   0  0  0  0  0  0/0    20:34   4:15   2:41 
Michael Raffl            0  2  2   1  0   7  1  0  0  0  7/18   16:54   4:34   2:49 
Mike Fisher              1  0  1   1  0   4  4  0  0  0  13/28  21:10   4:34   0:00 
Nick Cousins             0  1  1   1  0   0  1  0  0  0  3/8    19:58   3:22   0:00 
Rick Nash                0  0  0   0  0   1  0  0  0  0  0/0     7:45   0:00   0:00 
Tanner Glass             1  0  1   1  0   1  2  0  0  0  3/10    9:24   0:00   0:00 

Players Stats for Flyers

Player Name              G  A  P  +/- PIM S  H  SB GA TA FO     MP     PP MP  PK MP  
------------------------------------------------------------------------------------
Alexander Killorn        0  0  0  -1  0   1  0  0  0  0  1/1    17:20   2:15   0:00 
Andre Burakovsky         1  0  1  -1  0   5  0  0  0  0  1/2    17:43   2:38   0:00 
Andrew MacDonald         0  1  1  -2  2   1  0  1  0  0  0/0    22:13   2:38   3:50 
Ben Hutton               0  1  1  -1  0   1  0  1  0  0  0/0    19:20   2:15   0:19 
Brian Gionta             0  1  1  -1  0   7  0  0  0  0  0/1    20:09   0:00   4:15 
Brooks Orpik             0  1  1  -1  4   0  2  1  0  0  0/0    17:49   0:00   1:05 
Calle Jarnkrok           0  0  0  -1  0   2  0  1  0  0  11/26  19:00   0:00   2:48 
Casey Cizikas            1  0  1  -1  2   6  4  0  0  0  15/22  14:44   0:18   3:07 
Chris VandeVelde         0  0  0   0  0   2  0  0  0  0  4/9     6:35   0:00   2:01 
Clayton Stoner           0  0  0   0  0   1  1  1  0  0  0/0     7:57   0:00   3:51 
Dan Boyle                0  0  0   0  0   1  0  2  0  0  0/0    17:17   2:38   0:00 
Jean-Gabriel Pageau      0  0  0  -1  0   2  3  0  0  0  9/18   17:43   2:38   0:00 
Joel Ward                0  0  0  -1  0   2  0  0  0  0  0/0    18:50   2:38   0:00 
Jonathan Ericsson        0  0  0   0  0   0  1  2  0  0  0/0    14:22   0:00   3:49 
Marcus Johansson         1  0  1  -1  0   2  0  0  0  0  4/5    18:09   1:57   0:00 
Matt Hendricks           0  0  0   0  0   0  0  0  0  0  0/0     8:15   0:00   3:41 
Ryan Ellis               0  0  0  -2  0   0  2  0  0  0  0/0    20:59   2:15   2:58 
Shawn Matthias           0  0  0  -1  0   1  2  0  0  0  0/1    13:35   2:15   0:00 

3 Stars

1 - Mike Fisher (STL)
2 - Tanner Glass (STL)
3 - Michael Raffl (STL)

Power Play

Blues - 0 on 4 Attempt(s) - 0.00%
Flyers - 2 on 4 Attempt(s) - 50.00%

Penalty Kill

Blues - 2 on 4 Attempt(s) - 50.00% - Score 0 goal in Penalty Kill
Flyers - 4 on 4 Attempt(s) - 100.00% - Score 0 goal in Penalty Kill

Team Stat

Blues - Hits : 23 - Faceoff Wins : 40 - Blocked Shots : 5 - Penalty Minutes : 8
Flyers - Hits : 15 - Faceoff Wins : 45 - Blocked Shots : 9 - Penalty Minutes : 8

Official

Referees : Tom Kowal and Kendrick Nicholson
Linesman : Tony Sericolo and Mark Shewchyk

Game Notes

No Game Note

Finance

Level 1 -- Attendance: 5938 (91.35%) -- Ticket Income $623,490
Level 2 -- Attendance: 5000 (100.00%) -- Ticket Income $370,000
Level 3 -- Attendance: 3314 (94.69%) -- Ticket Income $149,130
Level 4 -- Attendance: 3065 (86.66%) -- Ticket Income $30,650
Luxury Box -- Attendance: 713 (71.30%) -- Ticket Income $153,295
Game was played at the Wells Fargo Center.
Total Attendance: 18030 (92.29%)
Total Ticket Income: $1,326,565
Other Income: $198,985
Total Income: $1,525,550

% Time on Ice - Blues

Lines # - Real PCT - Wanted PCT - Time Play
Normal Forward
1 - 35% - 40% - 16:36
2 - 28% - 30% - 13:19
3 - 20% - 20% - 9:24
4 - 16% - 10% - 7:45
Normal Defense
1 - 40% - 40% - 18:42
2 - 29% - 30% - 13:38
3 - 27% - 20% - 12:52
4 - 4% - 10% - 1:52
PP Forward
1 - 58% - 60% - 4:34
2 - 42% - 40% - 3:22
PP Defense
1 - 46% - 60% - 3:41
2 - 54% - 40% - 4:15
PK Forward
1 - 58% - 60% - 2:49
2 - 42% - 40% - 2:04
PK Defense
1 - 45% - 60% - 2:12
2 - 55% - 40% - 2:41
PK3 Forward
1 - 0% - 60%
2 - 0% - 40%
PK3 Defense
1 - 0% - 60%
2 - 0% - 40%
44 Forward
1 - 0% - 60%
2 - 0% - 40%
44 Defense
1 - 0% - 60%
2 - 0% - 40%
Last Minute Offensive  - 0:00
Last Minute Defensive  - 0:07
Total
Forward - 60:00
Defense - 60:00

% Time on Ice - Flyers

Lines # - Real PCT - Wanted PCT - Time Play
Normal Forward
1 - 32% - 32% - 15:05
2 - 34% - 32% - 16:12
3 - 24% - 24% - 11:20
4 - 10% - 12% - 4:34
Normal Defense
1 - 33% - 33% - 15:46
2 - 36% - 32% - 16:46
3 - 22% - 23% - 10:33
4 - 9% - 12% - 4:06
PP Forward
1 - 54% - 50% - 2:38
2 - 46% - 50% - 2:15
PP Defense
1 - 46% - 55% - 2:15
2 - 54% - 45% - 2:38
PK Forward
1 - 46% - 50% - 3:41
2 - 54% - 50% - 4:15
PK Defense
1 - 51% - 55% - 4:05
2 - 49% - 45% - 3:51
PK3 Forward
1 - 0% - 50%
2 - 0% - 50%
PK3 Defense
1 - 0% - 60%
2 - 0% - 40%
44 Forward
1 - 0% - 55%
2 - 0% - 45%
44 Defense
1 - 0% - 55%
2 - 0% - 45%
Last Minute Offensive  - 0:00
Last Minute Defensive  - 0:00
Total
Forward - 60:00
Defense - 60:00

Play by Play

1st period


0:01 of 1st period - Jean-Gabriel Pageau wins face-off versus Mike Fisher in neutral zone.
0:01 of 1st period - Alexander Killorn is hit by Nick Cousins and loses puck.
0:06 of 1st period - Shot by Jean-Gabriel Pageau.
0:06 of 1st period - Shot Misses the Net.
0:08 of 1st period - Shot by Jean-Gabriel Pageau.
0:08 of 1st period - Stopped by Antti Niemi without a rebound.
0:09 of 1st period - Marcus Johansson wins face-off versus Adam Cracknell in Blues zone.
0:09 of 1st period - Joel Ward is hit by Mark Borowiecki and loses puck.
0:35 of 1st period - Minor Penalty to Cal Clutterbuck for Hooking.
0:36 of 1st period - Michael Raffl wins face-off versus Jean-Gabriel Pageau in Blues zone.
0:36 of 1st period - Michael Raffl is hit by Jean-Gabriel Pageau.
1:53 of 1st period - Shot by Ryan Ellis.
1:53 of 1st period - Shot Misses the Net.
1:55 of 1st period - Shot by Shawn Matthias.
1:55 of 1st period - Stopped by Antti Niemi without a rebound.
1:56 of 1st period - Jean-Gabriel Pageau wins face-off versus Michael Raffl in Blues zone.
1:59 of 1st period - Shot by Joel Ward.
1:59 of 1st period - Deflect By Andre Burakovsky.
1:59 of 1st period - Shot Misses the Net.
2:01 of 1st period - Shot by Andrew MacDonald.
2:01 of 1st period - Shot Misses the Net.
2:03 of 1st period - Shot by Andre Burakovsky.
2:03 of 1st period - Stopped by Antti Niemi without a rebound.
2:04 of 1st period - Marcus Johansson wins face-off versus Michael Raffl in Blues zone.
2:09 of 1st period - Shot by Marcus Johansson.
2:09 of 1st period - Goal by Marcus Johansson - Blues : 0 - Flyers : 1.
2:10 of 1st period - Tanner Glass wins face-off versus Chris VandeVelde in neutral zone.
2:18 of 1st period - Shot by Michael Raffl.
2:18 of 1st period - Stopped by Chad Johnson without a rebound.
2:19 of 1st period - Jay McClement wins face-off versus Jean-Gabriel Pageau in Flyers zone.
2:36 of 1st period - Alexander Killorn is hit by Joakim Andersson and loses puck.
2:58 of 1st period - Rick Nash is hit by Ryan Ellis.
3:30 of 1st period - Shot by Shawn Matthias.
3:30 of 1st period - Deflect By Brian Gionta.
3:30 of 1st period - Shot Misses the Net.
3:48 of 1st period - Jakub Kindl is hit by Casey Cizikas and loses puck.
5:25 of 1st period - Shot by Dwight King.
5:25 of 1st period - Shot Misses the Net.
6:25 of 1st period - Shot by Jean-Gabriel Pageau.
6:25 of 1st period - Shot Blocked by Chris Wideman.
7:04 of 1st period - Shot by Calle Jarnkrok.
7:04 of 1st period - Stopped by Antti Niemi without a rebound.
7:05 of 1st period - Casey Cizikas wins face-off versus Mike Fisher in Blues zone.
7:26 of 1st period - Shot by Nick Cousins.
7:26 of 1st period - Shot Misses the Net.
7:28 of 1st period - Shot by Mike Fisher.
7:28 of 1st period - Goal by Mike Fisher - Blues : 1 - Flyers : 1.
7:29 of 1st period - Adam Cracknell wins face-off versus Jean-Gabriel Pageau in neutral zone.
7:38 of 1st period - Jean-Gabriel Pageau is hit by Cal Clutterbuck and loses puck.
7:49 of 1st period - Shot by Alexander Killorn.
7:49 of 1st period - Deflect By Andre Burakovsky.
7:49 of 1st period - Stopped by Antti Niemi without a rebound.
7:50 of 1st period - Calle Jarnkrok wins face-off versus Mike Fisher in Blues zone.
7:50 of 1st period - Joel Ward is hit by Johnny Boychuk and loses puck.
7:53 of 1st period - Shot by Marcus Johansson.
7:53 of 1st period - Stopped by Antti Niemi without a rebound.
7:54 of 1st period - Calle Jarnkrok wins face-off versus Mike Fisher in Blues zone.
8:56 of 1st period - Shot by Adam Cracknell.
8:56 of 1st period - Stopped by Chad Johnson with a rebound.
8:58 of 1st period - Shot by Adam Cracknell.
8:58 of 1st period - Deflect By Jiri Hudler.
8:58 of 1st period - Goal by Jiri Hudler - Blues : 2 - Flyers : 1.
8:59 of 1st period - Casey Cizikas wins face-off versus Tanner Glass in neutral zone.
9:21 of 1st period - Shot by Dwight King.
9:21 of 1st period - Shot Misses the Net.
9:23 of 1st period - Shot by Dwight King.
9:23 of 1st period - Shot Blocked by Dan Boyle.
9:37 of 1st period - Shot by Michael Raffl.
9:37 of 1st period - Shot Misses the Net.
9:44 of 1st period - Icing by Jonathan Ericsson.
9:45 of 1st period - Casey Cizikas wins face-off versus Adam Cracknell in Flyers zone.
11:31 of 1st period - Minor Penalty to Brooks Orpik for Hooking.
11:32 of 1st period - Casey Cizikas wins face-off versus Michael Raffl in Flyers zone.
11:52 of 1st period - Icing by Mike Fisher.
11:53 of 1st period - Calle Jarnkrok wins face-off versus Michael Raffl in Blues zone.
11:56 of 1st period - Shot by Calle Jarnkrok.
11:56 of 1st period - Shot Misses the Net.
12:08 of 1st period - Icing by Marian Hossa.
12:09 of 1st period - Casey Cizikas wins face-off versus Michael Raffl in Blues zone.
12:09 of 1st period - Brian Gionta is hit by Mark Borowiecki and loses puck.
12:18 of 1st period - Shot by Michael Raffl.
12:18 of 1st period - Shot Blocked by Jonathan Ericsson.
12:20 of 1st period - Shot by Michael Raffl.
12:20 of 1st period - Stopped by Chad Johnson without a rebound.
12:21 of 1st period - Nick Cousins wins face-off versus Calle Jarnkrok in Flyers zone.
12:56 of 1st period - Shot by Jay Bouwmeester.
12:56 of 1st period - Shot Misses the Net.
12:58 of 1st period - Shot by Johnny Boychuk.
12:58 of 1st period - Stopped by Chad Johnson with a rebound.
13:00 of 1st period - Shot by Cal Clutterbuck.
13:00 of 1st period - Stopped by Chad Johnson without a rebound.
13:01 of 1st period - Calle Jarnkrok wins face-off versus Michael Raffl in Flyers zone.
13:01 of 1st period - Calle Jarnkrok is hit by Mike Fisher.
13:12 of 1st period - Icing by Marian Hossa.
13:13 of 1st period - Calle Jarnkrok wins face-off versus Michael Raffl in Blues zone.
13:28 of 1st period - Shot by Marian Hossa.
13:28 of 1st period - Stopped by Chad Johnson without a rebound.
13:29 of 1st period - Nick Cousins wins face-off versus Calle Jarnkrok in Flyers zone.
14:54 of 1st period - Shot by Michael Raffl.
14:54 of 1st period - Stopped by Chad Johnson with a rebound.
14:56 of 1st period - Shot by Tanner Glass.
14:56 of 1st period - Goal by Tanner Glass - Blues : 3 - Flyers : 1.
14:57 of 1st period - Calle Jarnkrok wins face-off versus Mike Fisher in neutral zone.
15:01 of 1st period - Marcus Johansson is hit by Chris Wideman and loses puck.
15:21 of 1st period - Calle Jarnkrok is hit by Chris Wideman and loses puck.
15:22 of 1st period - Minor Penalty to Jakub Kindl for Boarding.
15:23 of 1st period - Michael Raffl wins face-off versus Marcus Johansson in Blues zone.
15:23 of 1st period - Michael Raffl is hit by Shawn Matthias.
16:42 of 1st period - Shot by Joel Ward.
16:42 of 1st period - Shot Blocked by Johnny Boychuk.
17:17 of 1st period - Shot by Ben Hutton.
17:17 of 1st period - Stopped by Antti Niemi without a rebound.
17:18 of 1st period - Michael Raffl wins face-off versus Jean-Gabriel Pageau in Blues zone.
17:24 of 1st period - Icing by Andre Burakovsky.
17:25 of 1st period - Jay McClement wins face-off versus Chris VandeVelde in Flyers zone.
17:37 of 1st period - Shot by Rick Nash.
17:37 of 1st period - Shot Blocked by Dan Boyle.
17:39 of 1st period - Shot by Rick Nash.
17:39 of 1st period - Shot Misses the Net.
18:31 of 1st period - Shot by Michael Raffl.
18:31 of 1st period - Stopped by Chad Johnson with a rebound.
18:33 of 1st period - Shot by Michael Raffl.
18:33 of 1st period - Shot Misses the Net.
18:35 of 1st period - Shot by Dwight King.
18:35 of 1st period - Shot Blocked by Andrew MacDonald.
18:37 of 1st period - Shot by Michael Raffl.
18:37 of 1st period - Shot Blocked by Calle Jarnkrok.
18:39 of 1st period - Shot by Michael Raffl.
18:39 of 1st period - Stopped by Chad Johnson without a rebound.
18:40 of 1st period - Jean-Gabriel Pageau wins face-off versus Mike Fisher in Flyers zone.
18:40 of 1st period - Jean-Gabriel Pageau is hit by Mike Fisher.
19:40 of 1st period - Shot by Brian Gionta.
19:40 of 1st period - Shot Misses the Net.
19:45 of 1st period - Off-side.
19:46 of 1st period - Marcus Johansson wins face-off versus Tanner Glass in neutral zone.
19:46 of 1st period - Calle Jarnkrok is hit by Tanner Glass and loses puck.
Goals for this period are 3 for Blues vs 1 for Flyers.
Shots for this period are 12 for Blues vs 8 for Flyers.

2nd period


0:01 of 2nd period - Casey Cizikas wins face-off versus Mike Fisher in neutral zone.
0:41 of 2nd period - Shot by Andrew MacDonald.
0:41 of 2nd period - Stopped by Antti Niemi without a rebound.
0:42 of 2nd period - Adam Cracknell wins face-off versus Calle Jarnkrok in Blues zone.
1:08 of 2nd period - Shot by Cal Clutterbuck.
1:08 of 2nd period - Stopped by Chad Johnson without a rebound.
1:09 of 2nd period - Jean-Gabriel Pageau wins face-off versus Tanner Glass in Flyers zone.
1:48 of 2nd period - Shot by Dwight King.
1:48 of 2nd period - Goal by Dwight King - Blues : 4 - Flyers : 1.
1:49 of 2nd period - Mike Fisher wins face-off versus Calle Jarnkrok in neutral zone.
2:02 of 2nd period - Shot by Calle Jarnkrok.
2:02 of 2nd period - Deflect By Marcus Johansson.
2:02 of 2nd period - Shot Misses the Net.
2:10 of 2nd period - Shot by Mike Fisher.
2:10 of 2nd period - Deflect By Nick Cousins.
2:10 of 2nd period - Shot Misses the Net.
2:12 of 2nd period - Shot by Jay Bouwmeester.
2:12 of 2nd period - Shot Misses the Net.
2:14 of 2nd period - Shot by Marian Hossa.
2:14 of 2nd period - Shot Misses the Net.
2:24 of 2nd period - Shot by Mike Fisher.
2:24 of 2nd period - Shot Misses the Net.
2:26 of 2nd period - Shot by Marian Hossa.
2:26 of 2nd period - Deflect By Mike Fisher.
2:26 of 2nd period - Shot Misses the Net.
2:29 of 2nd period - Marian Hossa is hit by Ryan Ellis and loses puck.
3:33 of 2nd period - Shot by Michael Raffl.
3:33 of 2nd period - Shot Misses the Net.
3:38 of 2nd period - Michael Raffl is hit by Clayton Stoner and loses puck.
3:59 of 2nd period - Shot by Dwight King.
3:59 of 2nd period - Stopped by Chad Johnson without a rebound.
4:00 of 2nd period - Mike Fisher wins face-off versus Jean-Gabriel Pageau in Flyers zone.
4:06 of 2nd period - Icing by Ben Hutton.
4:07 of 2nd period - Jean-Gabriel Pageau wins face-off versus Mike Fisher in Flyers zone.
4:15 of 2nd period - Icing by Jean-Gabriel Pageau.
4:16 of 2nd period - Adam Cracknell wins face-off versus Andre Burakovsky in Flyers zone.
4:31 of 2nd period - Shot by Jiri Hudler.
4:31 of 2nd period - Deflect By Cal Clutterbuck.
4:31 of 2nd period - Shot Misses the Net.
4:45 of 2nd period - Jean-Gabriel Pageau is hit by Johnny Boychuk and loses puck.
5:26 of 2nd period - Shot by Mike Fisher.
5:26 of 2nd period - Stopped by Chad Johnson without a rebound.
5:27 of 2nd period - Casey Cizikas wins face-off versus Tanner Glass in Flyers zone.
5:32 of 2nd period - Shot by Dan Boyle.
5:32 of 2nd period - Stopped by Antti Niemi without a rebound.
5:33 of 2nd period - Mike Fisher wins face-off versus Casey Cizikas in Blues zone.
5:33 of 2nd period - Mike Fisher is hit by Shawn Matthias.
5:36 of 2nd period - Marian Hossa is hit by Casey Cizikas and loses puck.
5:37 of 2nd period - Minor Penalty to Casey Cizikas for Roughing.
5:38 of 2nd period - Michael Raffl wins face-off versus Calle Jarnkrok in Flyers zone.
5:44 of 2nd period - Shot by Matt Carle.
5:44 of 2nd period - Shot Blocked by Brooks Orpik.
6:59 of 2nd period - Shot by Johnny Boychuk.
6:59 of 2nd period - Shot Blocked by Clayton Stoner.
7:01 of 2nd period - Shot by Jay Bouwmeester.
7:01 of 2nd period - Stopped by Chad Johnson with a rebound.
7:13 of 2nd period - Shot by Jay Bouwmeester.
7:13 of 2nd period - Shot Misses the Net.
7:49 of 2nd period - Shot by Andre Burakovsky.
7:49 of 2nd period - Shot Blocked by Jakub Kindl.
7:51 of 2nd period - Shot by Jean-Gabriel Pageau.
7:51 of 2nd period - Shot Misses the Net.
8:41 of 2nd period - Shot by Calle Jarnkrok.
8:41 of 2nd period - Shot Misses the Net.
8:51 of 2nd period - Shot by Calle Jarnkrok.
8:51 of 2nd period - Shot Misses the Net.
8:56 of 2nd period - Jay Bouwmeester is hit by Brooks Orpik and loses puck.
9:08 of 2nd period - Icing by Brooks Orpik.
9:09 of 2nd period - Mike Fisher wins face-off versus Calle Jarnkrok in Flyers zone.
9:09 of 2nd period - Minor Penalty to Brooks Orpik for Hooking.
9:10 of 2nd period - Michael Raffl wins face-off versus Casey Cizikas in Flyers zone.
9:21 of 2nd period - Shot by Mike Fisher.
9:21 of 2nd period - Stopped by Chad Johnson without a rebound.
9:22 of 2nd period - Michael Raffl wins face-off versus Calle Jarnkrok in Flyers zone.
9:35 of 2nd period - Shot by Jay Bouwmeester.
9:35 of 2nd period - Stopped by Chad Johnson without a rebound.
9:36 of 2nd period - Nick Cousins wins face-off versus Casey Cizikas in Flyers zone.
9:43 of 2nd period - Shot by Matt Carle.
9:43 of 2nd period - Shot Misses the Net.
9:53 of 2nd period - Shot by Jiri Hudler.
9:53 of 2nd period - Stopped by Chad Johnson without a rebound.
9:54 of 2nd period - Marian Hossa wins face-off versus Calle Jarnkrok in Flyers zone.
9:55 of 2nd period - Shot by Michael Raffl.
9:55 of 2nd period - Shot Blocked by Jonathan Ericsson.
11:00 of 2nd period - Shot by Brian Gionta.
11:00 of 2nd period - Stopped by Antti Niemi without a rebound.
11:01 of 2nd period - Casey Cizikas wins face-off versus Nick Cousins in Blues zone.
11:04 of 2nd period - Shot by Brian Gionta.
11:04 of 2nd period - Stopped by Antti Niemi without a rebound.
11:05 of 2nd period - Casey Cizikas wins face-off versus Nick Cousins in Blues zone.
11:32 of 2nd period - Shot by Brian Gionta.
11:32 of 2nd period - Deflect By Casey Cizikas.
11:32 of 2nd period - Stopped by Antti Niemi with a rebound.
11:34 of 2nd period - Shot by Casey Cizikas.
11:34 of 2nd period - Shot Misses the Net.
11:36 of 2nd period - Shot by Brian Gionta.
11:36 of 2nd period - Stopped by Antti Niemi with a rebound.
11:38 of 2nd period - Shot by Casey Cizikas.
11:38 of 2nd period - Stopped by Antti Niemi without a rebound.
11:39 of 2nd period - Andre Burakovsky wins face-off versus Mike Fisher in Blues zone.
11:44 of 2nd period - Shot by Alexander Killorn.
11:44 of 2nd period - Stopped by Antti Niemi with a rebound.
11:58 of 2nd period - Jean-Gabriel Pageau is hit by Jay Bouwmeester and loses puck.
12:03 of 2nd period - Shot by Ben Hutton.
12:03 of 2nd period - Shot Misses the Net.
12:06 of 2nd period - Jean-Gabriel Pageau is hit by Johnny Boychuk.
13:09 of 2nd period - Shot by Joel Ward.
13:09 of 2nd period - Stopped by Antti Niemi without a rebound.
13:10 of 2nd period - Tanner Glass wins face-off versus Brian Gionta in Blues zone.
13:10 of 2nd period - Tanner Glass is hit by Casey Cizikas.
13:18 of 2nd period - Jonathan Ericsson is hit by Tanner Glass and loses puck.
14:11 of 2nd period - Shot by Jay Bouwmeester.
14:11 of 2nd period - Stopped by Chad Johnson without a rebound.
14:12 of 2nd period - Mike Fisher wins face-off versus Calle Jarnkrok in Flyers zone.
15:35 of 2nd period - Brooks Orpik is hit by Cal Clutterbuck and loses puck.
16:02 of 2nd period - Icing by Jakub Kindl.
16:03 of 2nd period - Tanner Glass wins face-off versus Chris VandeVelde in Blues zone.
16:22 of 2nd period - Shot by Chris VandeVelde.
16:22 of 2nd period - Stopped by Antti Niemi without a rebound.
16:23 of 2nd period - Jay McClement wins face-off versus Casey Cizikas in Blues zone.
16:28 of 2nd period - Shot by Casey Cizikas.
16:28 of 2nd period - Stopped by Antti Niemi without a rebound.
16:29 of 2nd period - Jean-Gabriel Pageau wins face-off versus Mike Fisher in Blues zone.
16:36 of 2nd period - Shot by Andre Burakovsky.
16:36 of 2nd period - Stopped by Antti Niemi without a rebound.
16:37 of 2nd period - Calle Jarnkrok wins face-off versus Mike Fisher in Blues zone.
16:40 of 2nd period - Shot by Andrew MacDonald.
16:40 of 2nd period - Shot Misses the Net.
16:58 of 2nd period - Icing by Jay Bouwmeester.
16:59 of 2nd period - Mike Fisher wins face-off versus Shawn Matthias in Blues zone.
17:10 of 2nd period - Brian Gionta is hit by Mike Fisher and loses puck.
17:21 of 2nd period - Shot by Marian Hossa.
17:21 of 2nd period - Shot Misses the Net.
18:11 of 2nd period - Shot by Jiri Hudler.
18:11 of 2nd period - Shot Misses the Net.
18:33 of 2nd period - Dwight King is hit by Jean-Gabriel Pageau and loses puck.
19:16 of 2nd period - Shot by Joel Ward.
19:16 of 2nd period - Stopped by Antti Niemi without a rebound.
19:17 of 2nd period - Mike Fisher wins face-off versus Chris VandeVelde in Blues zone.
19:48 of 2nd period - Shot by Brian Gionta.
19:48 of 2nd period - Shot Misses the Net.
19:54 of 2nd period - Shot by Chris VandeVelde.
19:54 of 2nd period - Stopped by Antti Niemi with a rebound.
19:56 of 2nd period - Shot by Matt Hendricks.
19:56 of 2nd period - Deflect By Chris VandeVelde.
19:56 of 2nd period - Shot Misses the Net.
19:58 of 2nd period - Shot by Brian Gionta.
19:58 of 2nd period - Stopped by Antti Niemi without a rebound.
19:59 of 2nd period - Calle Jarnkrok wins face-off versus Adam Cracknell in Blues zone.
Goals for this period are 1 for Blues vs 0 for Flyers.
Shots for this period are 9 for Blues vs 15 for Flyers.

3rd period


0:01 of 3rd period - Calle Jarnkrok wins face-off versus Mike Fisher in neutral zone.
0:13 of 3rd period - Icing by Johnny Boychuk.
0:14 of 3rd period - Mike Fisher wins face-off versus Casey Cizikas in Blues zone.
0:14 of 3rd period - Mike Fisher is hit by Casey Cizikas.
0:39 of 3rd period - Icing by Brooks Orpik.
0:40 of 3rd period - Adam Cracknell wins face-off versus Casey Cizikas in Flyers zone.
0:44 of 3rd period - Minor Penalty to Cal Clutterbuck for Hooking.
0:45 of 3rd period - Jean-Gabriel Pageau wins face-off versus Michael Raffl in Blues zone.
1:18 of 3rd period - Shot by Andre Burakovsky.
1:18 of 3rd period - Goal by Andre Burakovsky - Blues : 4 - Flyers : 2.
1:19 of 3rd period - Jiri Hudler wins face-off versus Chris VandeVelde in neutral zone.
1:24 of 3rd period - Shot by Jay Bouwmeester.
1:24 of 3rd period - Stopped by Chad Johnson without a rebound.
1:25 of 3rd period - Chris VandeVelde wins face-off versus Adam Cracknell in Flyers zone.
1:25 of 3rd period - Chris VandeVelde is hit by Adam Cracknell.
1:50 of 3rd period - Shot by Jiri Hudler.
1:50 of 3rd period - Shot Misses the Net.
2:23 of 3rd period - Icing by Jay Bouwmeester.
2:24 of 3rd period - Calle Jarnkrok wins face-off versus Mike Fisher in Blues zone.
2:29 of 3rd period - Shot by Calle Jarnkrok.
2:29 of 3rd period - Shot Blocked by Johnny Boychuk.
2:35 of 3rd period - Shot by Joel Ward.
2:35 of 3rd period - Shot Misses the Net.
2:47 of 3rd period - Shot by Marcus Johansson.
2:47 of 3rd period - Shot Misses the Net.
3:26 of 3rd period - Shot by Michael Raffl.
3:26 of 3rd period - Stopped by Chad Johnson with a rebound.
3:28 of 3rd period - Shot by Dwight King.
3:28 of 3rd period - Stopped by Chad Johnson with a rebound.
3:32 of 3rd period - Shot by Dwight King.
3:32 of 3rd period - Shot Hit the Post.
3:46 of 3rd period - Shot by Dwight King.
3:46 of 3rd period - Shot Misses the Net.
3:48 of 3rd period - Shot by Jakub Kindl.
3:48 of 3rd period - Shot Misses the Net.
3:50 of 3rd period - Shot by Dwight King.
3:50 of 3rd period - Stopped by Chad Johnson without a rebound.
3:51 of 3rd period - Adam Cracknell wins face-off versus Jean-Gabriel Pageau in Flyers zone.
3:51 of 3rd period - Mark Borowiecki is hit by Jonathan Ericsson and loses puck.
4:07 of 3rd period - Alexander Killorn is hit by Mark Borowiecki and loses puck.
5:48 of 3rd period - Icing by Jay Bouwmeester.
5:49 of 3rd period - Chris VandeVelde wins face-off versus Mike Fisher in Blues zone.
5:50 of 3rd period - Shot by Brian Gionta.
5:50 of 3rd period - Stopped by Antti Niemi without a rebound.
5:51 of 3rd period - Adam Cracknell wins face-off versus Calle Jarnkrok in Blues zone.
6:04 of 3rd period - Shot by Jiri Hudler.
6:04 of 3rd period - Stopped by Chad Johnson with a rebound.
7:06 of 3rd period - Michael Raffl is hit by Brooks Orpik and loses puck.
7:19 of 3rd period - Shot by Matt Hendricks.
7:19 of 3rd period - Shot Misses the Net.
7:24 of 3rd period - Icing by Michael Raffl.
7:25 of 3rd period - Alexander Killorn wins face-off versus Tanner Glass in Blues zone.
7:50 of 3rd period - Shot by Andre Burakovsky.
7:50 of 3rd period - Stopped by Antti Niemi without a rebound.
7:51 of 3rd period - Marian Hossa wins face-off versus Casey Cizikas in Blues zone.
8:35 of 3rd period - Icing by Johnny Boychuk.
8:36 of 3rd period - Mike Fisher wins face-off versus Jean-Gabriel Pageau in Blues zone.
8:47 of 3rd period - Shot by Alexander Killorn.
8:47 of 3rd period - Shot Misses the Net.
9:05 of 3rd period - Shot by Adam Cracknell.
9:05 of 3rd period - Deflect By Jiri Hudler.
9:05 of 3rd period - Shot Misses the Net.
9:48 of 3rd period - Shot by Dwight King.
9:48 of 3rd period - Stopped by Chad Johnson without a rebound.
9:49 of 3rd period - Calle Jarnkrok wins face-off versus Tanner Glass in Flyers zone.
10:08 of 3rd period - Icing by Andrew MacDonald.
10:09 of 3rd period - Jay McClement wins face-off versus Calle Jarnkrok in Flyers zone.
10:28 of 3rd period - Joel Ward is hit by Jay McClement and loses puck.
11:31 of 3rd period - Shot by Brian Gionta.
11:31 of 3rd period - Shot Misses the Net.
11:33 of 3rd period - Shot by Casey Cizikas.
11:33 of 3rd period - Stopped by Antti Niemi with a rebound.
11:35 of 3rd period - Shot by Casey Cizikas.
11:35 of 3rd period - Stopped by Antti Niemi without a rebound.
11:36 of 3rd period - Mike Fisher wins face-off versus Jean-Gabriel Pageau in Blues zone.
11:45 of 3rd period - Shot by Andre Burakovsky.
11:45 of 3rd period - Deflect By Alexander Killorn.
11:45 of 3rd period - Shot Blocked by Mark Borowiecki.
11:47 of 3rd period - Shot by Clayton Stoner.
11:47 of 3rd period - Shot Misses the Net.
11:54 of 3rd period - Off-side.
11:55 of 3rd period - Chris VandeVelde wins face-off versus Adam Cracknell in neutral zone.
12:02 of 3rd period - Shot by Chris VandeVelde.
12:02 of 3rd period - Deflect By Matt Hendricks.
12:02 of 3rd period - Shot Misses the Net.
12:04 of 3rd period - Shot by Brian Gionta.
12:04 of 3rd period - Stopped by Antti Niemi without a rebound.
12:05 of 3rd period - Mike Fisher wins face-off versus Calle Jarnkrok in Blues zone.
12:18 of 3rd period - Shot by Calle Jarnkrok.
12:18 of 3rd period - Stopped by Antti Niemi without a rebound.
12:19 of 3rd period - Adam Cracknell wins face-off versus Jean-Gabriel Pageau in Blues zone.
12:36 of 3rd period - Adam Cracknell is hit by Jean-Gabriel Pageau.
12:50 of 3rd period - Shot by Jean-Gabriel Pageau.
12:50 of 3rd period - Stopped by Antti Niemi without a rebound.
12:51 of 3rd period - Mike Fisher wins face-off versus Calle Jarnkrok in Blues zone.
12:57 of 3rd period - Off-side.
12:58 of 3rd period - Mike Fisher wins face-off versus Calle Jarnkrok in neutral zone.
14:10 of 3rd period - Marcus Johansson is hit by Adam Cracknell and loses puck.
14:30 of 3rd period - Icing by Ben Hutton.
14:31 of 3rd period - Michael Raffl wins face-off versus Calle Jarnkrok in Flyers zone.
14:34 of 3rd period - Shot by Michael Raffl.
14:34 of 3rd period - Shot Misses the Net.
14:48 of 3rd period - Shot by Dwight King.
14:48 of 3rd period - Shot Blocked by Ben Hutton.
14:52 of 3rd period - Shot by Dwight King.
14:52 of 3rd period - Shot Misses the Net.
15:06 of 3rd period - Shot by Tanner Glass.
15:06 of 3rd period - Shot Misses the Net.
15:08 of 3rd period - Shot by Michael Raffl.
15:08 of 3rd period - Stopped by Chad Johnson without a rebound.
15:09 of 3rd period - Casey Cizikas wins face-off versus Nick Cousins in Flyers zone.
15:09 of 3rd period - Ryan Ellis is hit by Mike Fisher and loses puck.
15:17 of 3rd period - Minor Penalty to Andrew MacDonald for Hooking.
15:18 of 3rd period - Casey Cizikas wins face-off versus Nick Cousins in Flyers zone.
15:39 of 3rd period - Shot by Cal Clutterbuck.
15:39 of 3rd period - Stopped by Chad Johnson without a rebound.
15:40 of 3rd period - Casey Cizikas wins face-off versus Michael Raffl in Flyers zone.
15:42 of 3rd period - Brian Gionta is hit by Michael Raffl and loses puck.
16:03 of 3rd period - Shot by Casey Cizikas.
16:03 of 3rd period - Deflect By Brian Gionta.
16:03 of 3rd period - Shot Misses the Net.
16:05 of 3rd period - Shot by Brian Gionta.
16:05 of 3rd period - Stopped by Antti Niemi with a rebound.
16:07 of 3rd period - Shot by Clayton Stoner.
16:07 of 3rd period - Shot Misses the Net.
16:09 of 3rd period - Shot by Clayton Stoner.
16:09 of 3rd period - Stopped by Antti Niemi without a rebound.
16:10 of 3rd period - Chris VandeVelde wins face-off versus Nick Cousins in Blues zone.
16:37 of 3rd period - Shot by Johnny Boychuk.
16:37 of 3rd period - Stopped by Chad Johnson with a rebound.
16:46 of 3rd period - Shot by Jiri Hudler.
16:46 of 3rd period - Shot Misses the Net.
17:12 of 3rd period - Shot by Mike Fisher.
17:12 of 3rd period - Stopped by Chad Johnson without a rebound.
17:13 of 3rd period - Casey Cizikas wins face-off versus Marian Hossa in Flyers zone.
17:36 of 3rd period - Shot by Rick Nash.
17:36 of 3rd period - Stopped by Chad Johnson without a rebound.
17:37 of 3rd period - Casey Cizikas wins face-off versus Tanner Glass in Flyers zone.
17:58 of 3rd period - Shot by Brian Gionta.
17:58 of 3rd period - Shot Misses the Net.
18:02 of 3rd period - Shot by Casey Cizikas.
18:02 of 3rd period - Goal by Casey Cizikas - Blues : 4 - Flyers : 3.
18:03 of 3rd period - Jean-Gabriel Pageau wins face-off versus Mike Fisher in neutral zone.
18:16 of 3rd period - Shot by Jean-Gabriel Pageau.
18:16 of 3rd period - Shot Misses the Net.
18:21 of 3rd period - Icing by Marian Hossa.
18:22 of 3rd period - Casey Cizikas wins face-off versus Marian Hossa in Blues zone.
18:25 of 3rd period - Shot by Casey Cizikas.
18:25 of 3rd period - Shot Misses the Net.
18:27 of 3rd period - Shot by Casey Cizikas.
18:27 of 3rd period - Shot Misses the Net.
19:13 of 3rd period - Minor Penalty to Mark Borowiecki for Hooking.
19:14 of 3rd period - Jean-Gabriel Pageau wins face-off versus Michael Raffl in Blues zone.
19:34 of 3rd period - Off-side.
19:35 of 3rd period - Marcus Johansson wins face-off versus Michael Raffl in neutral zone.
19:40 of 3rd period - Flyers, Chad Johnson is pulled from the net.
Goals for this period are 0 for Blues vs 2 for Flyers.
Shots for this period are 11 for Blues vs 11 for Flyers.